 Dungeon Crawl Stone Soup version 0.29.1-13-g9f3cf754e1 (webtiles) character file.

Game seed: 4077758164606890490

93 Thatpatchoflichen the Trooper (level 4, -3/50 HPs)
             Began as an Ogre Monk on Feb 7, 2023.
             Slain by an orc warrior
             ... wielding a +0 battleaxe
              (16 damage)
             ... on level 3 of the Dungeon.
             The game lasted 00:05:44 (3823 turns).

Thatpatchoflichen the Trooper (Ogre Monk)           Turns: 3823, Time: 00:05:45

Health: -3/50      AC:  3    Str: 17    XL:     4   Next: 62%
Magic:  4/4        EV: 10    Int: 11    God:
Gold:   99         SH:  0    Dex: 11    Spells: 3/3 levels left

rFire   . . .      SeeInvis .   a - +0 mace
rCold   . . .      Faith    .   (no shield)
rNeg    . . .      Spirit   .   b - +0 robe
rPois   .          Reflect  .   (helmet restricted)
rElec   .          Harm     .   (no cloak)
rCorr   .          Rampage  .   (gloves unavailable)
Will    .....                   (boots unavailable)
Stlth   ++........              (no amulet)
HPRegen 0.16/turn               (no ring)
MPRegen 0.09/turn               (no ring)

@: no status effects
A: large, unfitting armour, tough skin 1
a: no special abilities


You were on level 3 of the Dungeon.
You visited 1 branch of the dungeon, and saw 4 of its levels.

You collected 99 gold pieces.

Inventory:

Hand Weapons
 a - a +0 mace (weapon)
Missiles
 p - 6 javelins (quivered)
Armour
 b - a +0 robe (worn)
Wands
 l - a wand of polymorph (10)
Scrolls
 d - a scroll of vulnerability {unknown}
 e - 2 scrolls of poison {unknown}
 f - a scroll of magic mapping {unknown}
 j - a scroll of enchant armour {unknown}
 k - 7 scrolls of identify {unknown}
 n - a scroll of noise {unknown}
 o - a scroll of fear {unknown}
 q - a scroll of teleportation {unknown}
Potions
 c - a potion of ambrosia
 g - 3 potions of might {unknown}
 h - a potion of mutation {unknown}
 i - 2 potions of curing {unknown}
 m - a potion of brilliance {unknown}


   Skills:
 + Level 5.1 Fighting
 + Level 3.5 Maces & Flails
 * Level 3.5 Dodging
 - Level 1.4 Stealth


You had 3 spell levels left.
You didn't know any spells.
Your spell library contained the following spells:

 Spells                   Type           Power      Damage    Failure   Level
 Poisonous Vapours        Pois/Air       0%         N/A       47%         2
 Sublimation of Blood     Necr           0%         N/A       47%         2
 Anguish                  Hex/Necr       0%         N/A       98%         4
 Corpse Rot               Necr/Pois/Air  0%         N/A       98%         4
 Petrify                  Tmut/Erth      0%         N/A       98%         4
 Summon Ice Beast         Ice/Summ       0%         N/A       98%         4
 Irradiate                Conj/Tmut      0%         3d11      100%        5
 Summon Mana Viper        Hex/Summ       0%         N/A       100%        5
 Enfeeble                 Hex            0%         N/A       100%        7
 Monstrous Menagerie      Summ           0%         N/A       100%        7


Dungeon Overview and Level Annotations

Branches:
Dungeon (4/15)
 Temple: D:4-7

Altars:

Shops:
D:3 ?

Annotations:
D:4 Edmund


Innate Abilities, Weirdness & Mutations

You are too large for most types of armour.
You have tough skin. (AC +1)


Message History

You hit the ball python.
You kill the ball python!
You now have 99 gold pieces (gained 10).
You see here a ball python corpse.
An adder comes into view.
The adder hisses angrily.
You hear a shout! x2
The adder bites you. The adder attacks as you move away! The adder bites you.
The adder attacks as you move away! The adder barely misses you.
You barely miss the adder. The adder closely misses you.
The adder bites you but does no damage.
You sock the adder!
The adder is severely wounded.
The adder bites you.
You are poisoned.
The adder poisons you! The adder bites you.
You hit the adder but do no damage.
The adder is heavily wounded.
You feel sick. The adder closely misses you.
The adder attacks as you move away! The adder bites you.
You feel sick.
You feel sick.
You are no longer poisoned.
The adder bites you.
You are poisoned.
The adder poisons you!
You feel sick.
You hit the adder.
You kill the adder!
You feel sick.
You feel sick.
You feel sick.
You are no longer poisoned.
The orc warrior attacks as you move away!
The orc warrior hits you with a +0 battleaxe!
The orc warrior attacks as you move away!
The orc warrior hits you with a +0 battleaxe!
* * * LOW HITPOINT WARNING * * *
The orc warrior attacks as you move away!
The orc warrior hits you with a +0 battleaxe!
You die...

.!.. #.# ..o #.#
#'# #.# #o# #.#
#.# #.# #.# #.#
#.# #.# #.#
###############.##
#o#
#..†.@o..........#
#.#
#.################
#.# #.# #o# #.#
#.# #.# #.# #.#
#.# #######.# ..#
#....##.# ###
#.##.##.#


You could see an orc warrior.

Vanquished Creatures
  3 adders
  A worm (D:2)
  A dart slug (D:2)
  2 orcs (D:3)
  6 ball pythons
  5 endoplasms (D:1)
  A giant cockroach (D:3)
  9 goblins
  2 hobgoblins (D:3)
  5 jackals (D:1)
  A quokka (D:2)
  7 bats
  4 frilled lizards
  8 kobolds
  5 rats
60 creatures vanquished.

Notes
Turn   | Place    | Note
-------+----------+-------------------------------------------
     0 | D:1      | Thatpatchoflichen the Ogre Monk began the quest for the
                  | Orb.
     0 | D:1      | Reached XP level 1. HP: 24/24 MP: 1/1
   290 | D:1      | Reached XP level 2. HP: 28/32 MP: 2/2
   493 | D:1      | You fall into a shaft and drop 1 floor!
   739 | D:1      | Reached XP level 3. HP: 34/40 MP: 3/3
  2144 | D:2      | Reached XP level 4. HP: 49/49 MP: 4/4
  2821 | D:3      | Reached skill level 5 in Fighting
  3092 | D:3      | Found Cikuelua's Magic Scroll Boutique.
  3417 | D:3      | Noticed an orc warrior
  3533 | D:4      | Noticed Edmund
  3606 | D:4      | Noticed a black bear
  3823 | D:3      | Slain by an orc warrior

Illustrated notes

Levels and vault maps discovered:
D:1:      mainiacjoe_arrival_reflecting_pool, layout_loops_corners
D:2:      layout_basic, minmay_goblin_kobold_house
D:3:      layout_basic, nicolae_qazlal_general_emergency, serial_shops, shop
D:4:      layout_layer_cave, nicolae_ashenzari_skybound, uniq_edmund, uniq_robin

Skill      XL: |  1  2  3  4 |
---------------+-------------+-----
Maces & Flails | 3 |  3.5
Dodging        | 3 |  3.5
Fighting       | 5 |  5.1
Stealth        | |  1.4

Action                   |  1- 3 |  4- 6 || total
-------------------------+-------+-------++-------
Melee: Mace              |   119 |    64 ||   183
 Stab: Sleeping          |     1 |     1 ||     2
Armor: Robe              |    66 |    22 ||    88
Dodge: Dodged            |    75 |    53 ||   128
